 Dungeon Crawl Stone Soup version 0.17-a0-1927-g319369b (webtiles) character file.

470 Japsu the Magician (level 6, -3/29 HPs)
             Began as a Deep Elf Fire Elementalist on Sept 28, 2015.
             Was an Initiate of Sif Muna.
             Killed from afar by an orc (26 damage)
             ... with an exploding inner flame
             ... hexed by the player character
             ... on level 4 of the Dungeon on Sept 29, 2015.
             The game lasted 00:58:53 (4337 turns).

Japsu the Magician (Deep Elf Fire Elementalist)     Turns: 4337, Time: 00:58:54

Health: -3/29      AC:  2    Str:  6    XL:     6   Next: 82%
Magic:  0/23       EV: 14    Int: 21    God:    Sif Muna [......]
Gold:   191        SH:  0    Dex: 15    Spells: 4 memorised, 7 levels left

rFire  . . .     SeeInvis .     g - +0 hunting sling
rCold  . . .     Clarity  +     q - +1 robe
rNeg   . . .     SustAt   .     (no shield)
rPois  .         Gourm    .     (no helmet)
rElec  .         Spirit   .     (no cloak)
rCorr  .         Warding  .     (no gloves)
rMut   .         Stasis   .     (no boots)
MR     .....                    (no amulet)
Stlth  +++.......               B - ring of magical power
                                p - +1 ring of slaying

@: not resistant to hostile enchantments, fairly stealthy
A: clarity, deformed body, frail 1, low mp 1, regeneration 1, spit poison 2,
wild magic 1
a: Spit Poison, Renounce Religion


You were on level 4 of the Dungeon.
You worshipped Sif Muna.
Sif Muna was noncommittal.
You were not hungry.

You visited 1 branch of the dungeon, and saw 4 of its levels.

You collected 191 gold pieces.

Inventory:

Hand weapons
 d - a +1 dagger of speed
 f - a -2 dagger
 g - a +0 hunting sling (weapon)
 j - a +0 dagger
 k - a +0 short sword
 r - a +1 mace of crushing
 t - a +0 spear of freezing
Missiles
 n - 70 stones (quivered)
Armour
 a - a +0 robe
 e - a +0 robe
 o - a +0 robe
 q - a +1 robe (worn)
 u - a +0 robe
Jewellery
 p - a +1 ring of slaying (left hand)
 x - a -2 ring of evasion
 B - a ring of magical power (right hand)
Scrolls
 m - a scroll of remove curse
 v - a scroll of magic mapping
Potions
 s - a potion of haste
 w - a potion of heal wounds {unknown}
Books
 b - a book of Flames

   Spells                             Type                      Level
   a - Flame Tongue                   Conjuration/Fire             1
   b - Throw Flame                    Conjuration/Fire             2
   c - Conjure Flame                  Conjuration/Fire             3
   d - Inner Flame                    Hexes/Fire                   3
   e - Sticky Flame                   Conjuration/Fire             4
   f - Fireball                       Conjuration/Fire             5
Comestibles
 c - 4 bread rations
 h - 2 meat rations
 i - 2 slices of pizza
 l - 2 beef jerkies


   Skills:
 - Level 0.5 Fighting
 * Level 3.9 Dodging
 * Level 4.6 Stealth
 * Level 5.5 Spellcasting
 * Level 3.4 Conjurations
 * Level 4.8 Fire Magic


You had 7 spell levels left.
You knew the following spells:

 Your Spells              Type           Power        Failure   Level  Hunger
a - Flame Tongue          Conj/Fire      ####.        5%          1    None
b - Throw Flame           Conj/Fire      ####..       7%          2    None
c - Conjure Flame         Conj/Fire      ####....     13%         3    ##.....
d - Inner Flame           Hex/Fire       ###.....     26%         3    ##.....


Dungeon Overview and Level Annotations

Branches:
Dungeon (4/15)
 Temple: D:4-7

Altars:
Dithmenos
Fedhas
Sif Muna
Xom


Innate Abilities, Weirdness & Mutations

You possess an exceptional clarity of mind.
Armour fits poorly on your strangely shaped body.
You are frail (-10% HP).
Your magical capacity is low (-10% MP).
Your natural rate of healing is unusually fast.
You can spit poison.
Your spells are a little harder to cast, but a little more powerful.


Message History

Casting: Flame Tongue
Confirm with . or Enter, or press ? or * to list all spells.
You don't have enough magic to cast that spell.
Welcome back, Japsu the Deep Elf Fire Elementalist.
Sif Muna whispers: I know many secrets...
Press ? for a list of commands and other information.
The orc hits you.
An orc and 2 orc priests come into view.
The orc shouts!
The orc priest shouts!
The orc priest moves out of view.
Found 11 arrows of frost.
Cast which spell? (? or * to list)
Aiming: Flame Tongue
Press: ? - help, Shift-Dir - straight line, f - orc
Aim: an orc, wearing a runed leather armour (heavily wounded, inner flame)
The flame tongue hits the orc.
The orc explodes!
The fiery explosion engulfs you!
Ouch! That really hurt!
You die...

...............##.#
...............##.#
.%....(........ #.#
.oo...(........ #.#
.oo.###§#'###'###.#
. #.......[.o.###.#
#....<..##o§....#
##.....###§######
#.....#.@.§..#
#######.#.#..>...
#.#.#..#### #o#.#
..a ....# #...
.o..# $### ..(..# #
... .#


You could see an orc priest and 3 orcs.

Vanquished Creatures
  Sigmund (D:3)
  The ghost of Banto the Digger, an average GrEE (D:3)
  An orc priest (D:3)
  A worker ant (D:4)
  Robin (D:2)
  6 adders
  3 gnolls (D:3)
  2 oozes
  A worm (D:4)
  4 giant geckos
  4 orcs
  A ball python (D:2)
  9 hobgoblins
  3 kobolds
  8 bats
  6 giant cockroaches
  2 giant newts
  21 goblins
  5 jackals
  2 quokkas (D:3)
  8 rats
  2 fungi (D:1)
92 creatures vanquished.

Notes
Turn   | Place    | Note
--------------------------------------------------------------
     0 | D:1      | Japsu the Deep Elf Fire Elementalist began the quest for the Orb.
     0 | D:1      | Reached XP level 1. HP: 10/10 MP: 6/6
    60 | D:1      | Gained mutation: Armour fits poorly on your strangely shaped body. [potion of mutation]
    60 | D:1      | Gained mutation: Your natural rate of healing is unusually fast. [potion of mutation]
    60 | D:1      | Gained mutation: You can spit weak poison. [potion of mutation]
   304 | D:1      | Gained mutation: You possess an exceptional clarity of mind. [potion of beneficial mutation]
   334 | D:1      | Reached XP level 2. HP: 13/15 MP: 2/8
  1275 | D:1      | Reached XP level 3. HP: 19/19 MP: 6/10
  1393 | D:2      | Noticed Robin
  1624 | D:2      | Killed Robin
  1770 | D:1      | Learned a level 2 spell: Throw Flame
  1774 | D:1      | Learned a level 3 spell: Conjure Flame
  1778 | D:1      | Learned a level 3 spell: Inner Flame
  1778 | D:1      | Gained mutation: You can spit poison. [potion of beneficial mutation]
  1932 | D:2      | Gained mutation: Your magical capacity is low (-10% MP). [potion of mutation]
  1932 | D:2      | Gained mutation: Your spells are a little harder to cast, but a little more powerful. [potion of mutation]
  1932 | D:2      | Gained mutation: You are frail (-10% HP). [potion of mutation]
  2004 | D:2      | Reached XP level 4. HP: 21/21 MP: 1/10
  2286 | D:2      | Found a blossoming altar of Fedhas.
  2406 | D:2      | Found a deep blue altar of Sif Muna.
  2412 | D:2      | Became a worshipper of Sif Muna the Loreminder
  2898 | D:3      | Reached skill level 4 in Fire Magic
  3128 | D:3      | Reached XP level 5. HP: 9/25 MP: 2/12
  3354 | D:3      | Found a shadowy altar of Dithmenos.
  3354 | D:3      | Found a shimmering altar of Xom.
  3396 | D:3      | Noticed Banto's ghost (average GrEE)
  3412 | D:3      | Killed Banto's ghost
  3659 | D:3      | Found a faded altar to an unknown god.
  3713 | D:3      | Reached XP level 6. HP: 29/29 MP: 13/13
  3989 | D:3      | Noticed Sigmund
  4168 | D:3      | Killed Sigmund
  4168 | D:3      | Reached skill level 5 in Spellcasting
  4335 | D:4      | Upgraded the game from 0.17-a0-1923-gc35365e to 0.17-a0-1927-g319369b
  4337 | D:4      | Killed from afar by an orc

Vault maps used:
D:1:      dpeg_arrival_prison, minmay_misc_feat_five, minivault_14
D:2:      lemuel_doored_altar, first_bread, led_sif_pool, uniq_robin
D:3:      gammafunk_temple_overflow_statue, ecumenical_altar_1,
          kennysheep_generic_room_7, uniq_sigmund
D:4:      uniq_menkaure, uniq_pikel

Action                   |  1- 3 |  4- 6 || total
-------------------------+-------+-------++-------
Melee: Dagger            |    56 |       ||    56
 Fire: Hunting sling     |     2 |    31 ||    33
 Cast: Flame Tongue      |    79 |    52 ||   131
       Throw Flame       |     2 |    45 ||    47
       Conjure Flame     |     1 |     6 ||     7
       Inner Flame       |       |     3 ||     3
 Abil: Spit Poison       |     1 |       ||     1
  Use: Potion            |     8 |     3 ||    11
       Scroll            |     2 |     8 ||    10
  Eat: Chunk             |     1 |     5 ||     6
       Bread ration      |     1 |       ||     1
       Pizza             |       |     1 ||     1
